 Dungeon Crawl Stone Soup version 0.24-a0-530-g18ba70b5 (webtiles) character file.

Game seed: 2901939552787860608

4354 Faca the Slicer (level 10, -13/74 HPs)
             Began as a Halfling Abyssal Knight on Aug 7, 2019.
             Was a High Priest of Lugonu.
             Killed from afar by a guardian serpent (23 damage)
             ... with a bolt of poison
             ... on level 9 of the Dungeon.
             The game lasted 00:36:56 (14761 turns).

Faca the Slicer (Halfling Abyssal Knight)          Turns: 14761, Time: 00:36:57

Health: -13/74     AC: 16    Str: 15    XL:     10   Next: 60%
Magic:  11/11      EV: 12    Int: 10    God:    Lugonu [*****.]
Gold:   490        SH:  0    Dex: 16    Spells: 9/9 levels left

rFire    + . .     SeeInvis .   C - +0 rapier
rCold    . . .     Gourm    .   (shield restricted)
rNeg     . . .     Faith    .   z - +3 scale mail {rF+}
rPois    .         Spirit   .   (no helmet)
rElec    .         Reflect  .   q - +2 cloak {MR+}
rCorr    .         Harm     .   f - +0 pair of gloves
MR       ++...                  E - +0 pair of boots
Stlth    ..........             (no amulet)
HPRegen  0.22/turn              o - ring of protection from magic
MPRegen  0.12/turn              (no ring)

@: lethally poisoned (-13 -> -22)
A: small, mutation resistance 1
a: Depart the Abyss, Bend Space, Banish, Corrupt, Enter the Abyss, Renounce
Religion


You were on level 9 of the Dungeon.
You worshipped Lugonu.
Lugonu was extremely pleased with you.
You were hungry.

You visited 1 branch of the dungeon, and saw 9 of its levels.
You visited the Abyss 1 time.

You collected 490 gold pieces.

Inventory:

Hand Weapons
 v - a +0 hunting sling
 C - a +0 rapier (weapon)
Missiles
 i - 2 throwing nets (quivered)
 s - 77 sling bullets
 x - 316 stones
Armour
 f - a +0 pair of gloves (worn)
 q - a +2 cloak of magic resistance (worn)
 z - a +3 scale mail of fire resistance (worn)
 E - a +0 pair of boots (worn)
Jewellery
 a - an uncursed ring of ice
 o - a ring of protection from magic (left hand)
 A - an uncursed ring of positive energy
Wands
 e - a wand of acid (2)
 t - a wand of flame (8)
Scrolls
 b - a scroll of enchant weapon {unknown}
 d - 2 scrolls of remove curse
 g - 2 scrolls of fog
 h - a scroll of fear
 j - a scroll of random uselessness {unknown}
 k - 2 scrolls of teleportation
 y - a scroll of acquirement {unknown}
 G - a scroll of identify
 I - a scroll of noise {unknown}
 J - a scroll of holy word {unknown}
Potions
 l - 3 potions of curing
 m - a potion of magic
 n - a potion of agility
 p - 4 potions of might
 r - a potion of mutation
 u - 3 potions of cancellation
 B - a potion of brilliance {unknown}
 D - a potion of haste
 F - a potion of ambrosia {unknown}
Comestibles
 c - 11 rations
 H - 5 chunks of flesh


   Skills:
 + Level 9.5 Fighting
 + Level 11.3 Short Blades
 + Level 6.5 Armour
 - Level 1.1 Dodging
 - Level 2.0 Invocations


You had 9 spell levels left.
You didn't know any spells.
Your spell library contained the following spells:

 Spells                   Type           Power        Failure   Level  Hunger
 Freeze                   Ice            #...         78%         1    ##.....
 Throw Frost              Conj/Ice       #.....       89%         2    ###....
 Ozocubu's Armour         Chrm/Ice       #.......     98%         3    ####...
 Summon Ice Beast         Ice/Summ       #.......     100%        4    #####..
 Throw Icicle             Conj/Ice       #.......     100%        4    #####..


Dungeon Overview and Level Annotations

Branches:
Dungeon (9/15)             Temple (0/1) D:7            Lair (0/6) D:9
    Orc: D:9-12

Altars:
Ashenzari
Dithmenos
Makhleb
Qazlal
Ru
Trog
Vehumet
The Shining One

Shops:
D:4 [   D:5 =

Annotations:
D:2 1 runed translucent door, Crazy Yiuf
D:5 Menkaure


Innate Abilities, Weirdness & Mutations

You are small and have problems with some larger weapons.
You are somewhat resistant to further mutation.


Message History

The guardian serpent is splashed with acid.
The guardian serpent is severely wounded.
You feel sick. The guardian serpent hits you!!
* * * LOW HITPOINT WARNING * * *
The guardian serpent completely misses you.
Evoke which item? (* to show all) (? for menu, Esc to quit)
Aiming: Corrosive Bolt
Press: ? - help, Shift-Dir - straight line, f/p - guardian serpent
Aim: a guardian serpent (severely wounded)
The bolt of acid hits the guardian serpent!
The guardian serpent is splashed with acid.
The acid corrodes the guardian serpent!
The guardian serpent is almost dead.
The guardian serpent barely misses you.
You miss the guardian serpent.
The guardian serpent is almost dead.
The guardian serpent coils itself and waves its upper body at you.
The bolt of poison hits you!!
You are more poisoned.
You die...

......# #.#
......# #.#
......# ##.##
.....[# #...#
......#
########...#
......#
###..........#
#.....####...#
....###..#
##### ## ##@#
#S# ........#
...##+#.# #.#
#.# #.# ..#
..#


You could see a guardian serpent.

Vanquished Creatures
  2 dream sheep (D:8)
  2 yaks (D:8)
  2 ice beasts
  4 orc warriors
  A sky beast (D:5)
  2 phantoms
  2 ogres
  A necrophage (D:8)
  3 centaurs
  6 big kobolds
  3 bullfrogs
  A wyvern skeleton (D:6)
  6 howler monkeys
  A crimson imp (D:7)
  A quasit (D:6)
  A bullfrog zombie (D:8)
  2 hounds
  3 jellies
  4 orc priests
  2 bullfrog skeletons (D:4)
  Jessica (D:3)
  Terence (D:3)
  4 iguanas
  Natasha (thrice) (D:2)
  10 orc wizards
  7 worker ants
  A killer bee zombie (D:5)
  A hound zombie (D:5)
  A hound skeleton (D:6)
  A howler monkey zombie (D:9)
  2 worker ant zombies
  18 adders
  A gnoll (D:1)
  A shadow imp (D:5)
  2 oozes
  2 adder zombies
  2 adder skeletons
  2 worms
  6 leopard geckos
  21 orcs
  3 ball pythons
  4 giant cockroaches (D:1)
  6 goblins
  2 hobgoblins
  8 jackals
  2 quokkas (D:7)
  4 bats
  6 frilled lizards
  A jackal skeleton (D:7)
  19 kobolds
  14 rats
205 creatures vanquished.

Vanquished Creatures (others)
  3 plants (D:8)
3 creatures vanquished.

Grand Total: 208 creatures vanquished

Notes
Turn   | Place    | Note
-------+----------+-------------------------------------------
     0 | Abyss:1  | Faca the Halfling Abyssal Knight began the quest for the
                  | Orb.
     0 | Abyss:1  | Reached XP level 1. HP: 15/15 MP: 2/2
    32 | D:1      | Escaped the Abyss
   146 | D:1      | Reached XP level 2. HP: 16/20 MP: 3/3
   288 | D:1      | Reached skill level 3 in Short Blades
   633 | D:1      | Reached XP level 3. HP: 11/26 MP: 4/4
  1585 | D:2      | Reached XP level 4. HP: 23/31 MP: 5/5
  1609 | D:2      | Reached ** piety under Lugonu
  1707 | D:2      | Reached skill level 4 in Short Blades
  2209 | D:2      | Noticed Natasha
  2221 | D:2      | Killed Natasha
  2221 | D:2      | Reached XP level 5. HP: 13/37 MP: 6/6
  2458 | D:2      | Noticed Natasha
  2468 | D:2      | Killed Natasha
  2990 | D:2      | Found a runed translucent door.
  2991 | D:2      | Noticed Crazy Yiuf
  3002 | D:2      | Noticed Natasha
  3014 | D:2      | Killed Natasha
  3014 | D:2      | Reached skill level 5 in Short Blades
  3556 | D:3      | Reached XP level 6. HP: 43/44 MP: 7/7
  3835 | D:3      | Noticed Jessica
  3845 | D:3      | Killed Jessica
  4028 | D:3      | Noticed Terence
  4059 | D:3      | Killed Terence
  4234 | D:3      | Found a faded altar of an unknown god.
  4293 | D:3      | Reached *** piety under Lugonu
  4594 | D:4      | Reached skill level 5 in Fighting
  4594 | D:4      | Reached skill level 6 in Short Blades
  4613 | D:4      | Found a stormy altar of Qazlal.
  4770 | D:4      | Reached XP level 7. HP: 49/50 MP: 8/8
  5697 | D:4      | Found a burning altar of Makhleb.
  5892 | D:4      | Found Gist's Armour Emporium.
  5990 | D:5      | Entered Level 5 of the Dungeon
  5990 | D:5      | Noticed Menkaure
  6247 | D:5      | Reached skill level 7 in Short Blades
  6313 | D:5      | Reached XP level 8. HP: 43/57 MP: 9/9
  6407 | D:5      | Found Ziaddur's Jewellery Shop.
  6739 | D:5      | Reached skill level 8 in Short Blades
  7129 | D:6      | Found a sacrificial altar of Ru.
  7699 | D:6      | Found a radiant altar of Vehumet.
  7702 | D:6      | Found a shattered altar of Ashenzari.
  7705 | D:6      | Found a shadowy altar of Dithmenos.
  7765 | D:6      | Reached skill level 9 in Short Blades
  8341 | D:5      | Reached XP level 9. HP: 17/64 MP: 10/10
  8796 | D:6      | Found a bloodstained altar of Trog.
  9108 | D:7      | Reached **** piety under Lugonu
  9804 | D:7      | Found a staircase to the Ecumenical Temple.
  9859 | D:7      | Reached skill level 10 in Short Blades
 11482 | D:8      | Noticed a hippogriff
 12536 | D:8      | Reached XP level 10. HP: 50/73 MP: 11/11
 12833 | D:8      | Reached skill level 5 in Armour
 12842 | D:8      | Noticed a two-headed ogre
 13265 | D:8      | Found a glowing golden altar of the Shining One.
 13692 | D:8      | Noticed a three-headed hydra
 13779 | D:8      | Reached skill level 11 in Short Blades
 14152 | D:9      | Found a staircase to the Lair.
 14170 | D:9      | Reached ***** piety under Lugonu
 14743 | D:9      | Noticed a guardian serpent
 14761 | D:9      | Killed from afar by a guardian serpent

Levels and vault maps discovered:
D:1:      dpeg_arrival_ternary, layout_basic, st_stairs_8
D:2:      layout_rooms, uniq_natasha, uniq_crazy_yiuf_cottage
D:3:      layout_rooms, chequers_ecumenical_altar_island, uniq_terence,
          uniq_jessica
D:4:      layout_basic, nicolae_overflow_hidden_temple,
          nicolae_qazlal_eye_of_the_storm, first_ration, serial_shops,
          nicolae_shop_trees, kennysheep_generic_room_5
D:5:      layout_loops_cross, serial_shops, nicolae_shop_trees, uniq_menkaure
D:6:      layout_basic, grunt_temple_overflow_cloverleaf, basic_altar,
          hangedman_decor_points
D:7:      layout_layer_cave, minmay_temple_entry_stoned_glass
D:8:      layout_basic, kennysheep_mini, hangedman_ranch
          [blue_anna_fruit_fields], dk_noncrumbling_2,
          hangedman_abyss_or_decor_lesser_grid, minmay_unpleasant_kobolds
D:9:      layout_rooms, lair_entry_dummy, nrook_guardian_serpent_ordinary

Skill      XL: |  1  2  3  4  5  6  7  8  9 10 |
---------------+-------------------------------+-----
Fighting       | 3 4 5 7 8 9 |  9.5
Short Blades   | 3 4 5 6 7 9 10 11 | 11.3
Armour         | 4 6 |  6.5
Dodging        | |  1.1
Invocations    | |  2.0

Action                   |  1- 3 |  4- 6 |  7- 9 | 10-12 || total
-------------------------+-------+-------+-------+-------++-------
Melee: Short sword       |   119 |   252 |   753 |       ||  1124
       Rapier            |       |       |   136 |   248 ||   384
 Fire: Hunting sling     |       |     3 |     7 |     4 ||    14
Evoke: Wand              |       |     1 |     9 |     5 ||    15
  Use: Potion            |     1 |     1 |     2 |     2 ||     6
       Scroll            |       |       |    14 |       ||    14
 Stab: Sleeping          |       |     1 |       |       ||     1
  Eat: Chunk             |     1 |    11 |    18 |     4 ||    34
       Ration            |       |       |     2 |     1 ||     3
Armor: Leather armour    |    34 |    48 |       |       ||    82
       Ring mail         |       |    19 |     7 |       ||    26
       Scale mail        |       |       |   288 |    63 ||   351
Dodge: Dodged            |    75 |   148 |   362 |   103 ||   688

Table legend:
 A = Non-vault XP
 B = Vault XP
 C = Vault XP percentage of total XP
 D = Non-vault monster count
 E = Vault monster count
 F = Vault count percentage of total count
                 A         B        C        D         E       F
            +---------+---------+-------+---------+---------+-------
      Total |    4683 |    1537 |  24.7 |     187 |      18 |   8.8
            +---------+---------+-------+---------+---------+-------
        D:1 |      46 |       3 |   6.1 |      20 |       2 |   9.1
        D:2 |     167 |      35 |  17.3 |      31 |       1 |   3.1
        D:3 |      92 |      73 |  44.2 |      16 |       2 |  11.1
        D:4 |     360 |       0 |   0.0 |      18 |       0 |   0.0
        D:5 |     822 |       0 |   0.0 |      20 |       0 |   0.0
        D:6 |     516 |       0 |   0.0 |      12 |       0 |   0.0
        D:7 |    1018 |       0 |   0.0 |      33 |       0 |   0.0
        D:8 |    1246 |    1426 |  53.4 |      23 |      13 |  36.1
        D:9 |     416 |       0 |   0.0 |      14 |       0 |   0.0
            +---------+---------+-------+---------+---------+-------
